[ PARTIDA AOE2 · #473464190 ]
UnrankedBúlgaros vs Khmer
Equipo del jugador · DERR
[ ANÁLISIS DE REPETICIÓN · EXTRAÍDO DE LA PARTIDA GRABADA ]
Feudal
8:58
Castillos
23:04
Imperial
—
| APM promedio | 36.2 |
| APM pico | 74 |
| eAPM promedio | 14.5 |
| Aldeanos / militares | 87 / 18 |
Foco
⚔️ 29.6% · 🌾 70.4%
Scout Cavalry ×11 · Konnik ×4 · Spearman ×2 · Mangonel ×1
Feudal
8:45
Castillos
22:22
Imperial
—
| APM promedio | 56.4 |
| APM pico | 103 |
| eAPM promedio | 22.6 |
| Aldeanos / militares | 99 / 53 |
Foco
⚔️ 29.3% · 🌾 70.7%
Knight ×36 · Scout Cavalry ×14 · Battering Ram ×2 · Monk ×1
Feudal
9:32
Castillos
22:50
Imperial
—
| APM promedio | 29.9 |
| APM pico | 71 |
| eAPM promedio | 14.9 |
| Aldeanos / militares | 75 / 68 |
Foco
⚔️ 31.4% · 🌾 68.6%
Archer ×54 · Skirmisher ×13 · Spearman ×1 · Unknown (2550) ×1
Feudal
9:21
Castillos
24:13
Imperial
33:00
| APM promedio | 52.4 |
| APM pico | 115 |
| eAPM promedio | 17.2 |
| Aldeanos / militares | 74 / 78 |
Foco
⚔️ 37.2% · 🌾 62.8%
Archer ×78
Mapa de la partida
Recursos iniciales + cada clic de construcción. Líneas = muros · curvas = relieve. ◆ oro · ⬟ piedra · ● bayas · ✦ reliquia · ◌ hueco del cierre
Inputs por minuto
— Moneda05 - - GdR_Grifiss(twitch.tv/grifiss84)
Build order — Moneda05
Primeras 150 de 179 acciones detectadas
| 0:01 | Crear | Villager (Male) |
| 0:01 | Crear | Villager (Male) |
| 0:01 | Crear | Villager (Male) |
| 0:02 | Crear | Villager (Male) |
| 0:02 | Crear | Villager (Male) |
| 0:03 | Construir | House |
| 0:04 | Construir | House |
| 1:28 | Crear | Villager (Male) |
| 1:28 | Crear | Villager (Male) |
| 1:50 | Construir | Lumber Camp |
| 2:03 | Crear | Villager (Male) |
| 2:03 | Crear | Villager (Male) |
| 2:17 | Crear | Villager (Male) |
| 2:17 | Crear | Villager (Male) |
| 2:57 | Crear | Villager (Male) |
| 3:11 | Crear | Villager (Male) |
| 3:12 | Crear | Villager (Male) |
| 3:39 | Crear | Villager (Male) |
| 3:51 | Construir | House |
| 4:04 | Crear | Villager (Male) |
| 4:10 | Crear | Villager (Male) |
| 4:31 | Crear | Villager (Male) |
| 4:31 | Crear | Villager (Male) |
| 5:07 | Construir | Mill |
| 5:25 | Crear | Villager (Male) |
| 5:32 | Investigar | Loom |
| 6:48 | Investigar | Feudal Age |
| 8:43 | Crear | Villager (Male) |
| 8:44 | Crear | Villager (Male) |
| 8:52 | Construir | Barracks |
| 8:56 | Construir | House |
| 8:58 | Edad | Edad Feudal |
| 9:06 | Crear | Villager (Male) |
| 9:29 | Investigar | Double-Bit Axe |
| 9:42 | Construir | Stable |
| 10:08 | Crear | Villager (Male) |
| 10:12 | Construir | Farm |
| 10:13 | Construir | Farm |
| 10:18 | Construir | House |
| 10:19 | Construir | House |
| 10:19 | Crear | Scout Cavalry |
| 10:20 | Crear | Scout Cavalry |
| 10:20 | Crear | Scout Cavalry |
| 10:38 | Crear | Villager (Male) |
| 10:40 | Construir | Farm |
| 10:53 | Construir | Palisade Wall |
| 10:55 | Crear | Scout Cavalry |
| 11:17 | Crear | Villager (Male) |
| 11:22 | Construir | House |
| 11:33 | Crear | Villager (Male) |
| 11:34 | Crear | Villager (Male) |
| 11:37 | Construir | Farm |
| 11:38 | Construir | Farm |
| 12:00 | Crear | Spearman |
| 12:15 | Construir | Blacksmith |
| 12:19 | Construir | Farm |
| 12:22 | Construir | Palisade Gate |
| 12:26 | Crear | Villager (Male) |
| 12:27 | Crear | Villager (Male) |
| 12:36 | Crear | Spearman |
| 12:47 | Crear | Villager (Male) |
| 13:02 | Crear | Villager (Male) |
| 13:14 | Construir | Palisade Wall |
| 13:17 | Construir | Palisade Wall |
| 13:22 | Construir | Palisade Wall |
| 13:24 | Construir | Palisade Wall |
| 13:26 | Construir | Palisade Wall |
| 13:28 | Construir | Palisade Wall |
| 13:35 | Crear | Villager (Male) |
| 13:35 | Crear | Villager (Male) |
| 13:43 | Construir | Palisade Gate |
| 13:47 | Construir | Farm |
| 13:58 | Crear | Villager (Male) |
| 13:59 | Crear | Villager (Male) |
| 14:02 | Construir | Farm |
| 14:05 | Construir | Farm |
| 14:21 | Crear | Villager (Male) |
| 14:23 | Construir | Farm |
| 14:30 | Crear | Villager (Male) |
| 14:35 | Construir | Farm |
| 14:39 | Construir | Farm |
| 14:46 | Construir | Palisade Wall |
| 15:09 | Investigar | Forging |
| 15:14 | Construir | Farm |
| 15:14 | Crear | Villager (Male) |
| 15:21 | Crear | Villager (Male) |
| 15:27 | Construir | Palisade Wall |
| 15:31 | Construir | Farm |
| 15:36 | Construir | Farm |
| 15:38 | Construir | Farm |
| 15:39 | Crear | Villager (Male) |
| 15:54 | Construir | Farm |
| 16:00 | Construir | House |
| 16:05 | Crear | Villager (Male) |
| 16:07 | Crear | Scout Cavalry |
| 16:08 | Crear | Scout Cavalry |
| 16:38 | Construir | Farm |
| 16:41 | Construir | Farm |
| 16:41 | Crear | Villager (Male) |
| 16:55 | Construir | Market |
| 16:58 | Construir | Palisade Wall |
| 17:03 | Crear | Villager (Male) |
| 17:07 | Construir | Mining Camp |
| 17:09 | Crear | Villager (Male) |
| 17:10 | Crear | Scout Cavalry |
| 17:20 | Construir | House |
| 17:20 | Construir | House |
| 17:26 | Investigar | Scale Barding Armor |
| 17:36 | Construir | Farm |
| 17:37 | Construir | Farm |
| 17:37 | Construir | Farm |
| 17:44 | Crear | Villager (Male) |
| 18:25 | Construir | House |
| 18:27 | Crear | Villager (Male) |
| 18:28 | Crear | Scout Cavalry |
| 18:28 | Crear | Scout Cavalry |
| 18:57 | Construir | House |
| 18:59 | Construir | Farm |
| 19:01 | Crear | Villager (Male) |
| 19:37 | Crear | Scout Cavalry |
| 19:53 | Crear | Scout Cavalry |
| 19:55 | Crear | Villager (Male) |
| 20:24 | Investigar | Castle Age |
| 20:25 | Investigar | Castle Age |
| 21:07 | Construir | Building 800 |
| 21:10 | Investigar | Horse Collar |
| 21:45 | Construir | Market |
| 21:49 | Construir | Stable |
| 21:54 | Construir | Market |
| 21:59 | Construir | House |
| 22:09 | Construir | Market |
| 22:32 | Crear | Villager (Male) |
| 22:32 | Crear | Villager (Male) |
| 22:48 | Crear | Villager (Male) |
| 23:04 | Edad | Edad de los Castillos |
| 23:05 | Construir | Palisade Wall |
| 23:35 | Construir | Watch Tower |
| 23:43 | Construir | House |
| 23:51 | Construir | House |
| 24:03 | Construir | Palisade Wall |
| 24:04 | Construir | Palisade Wall |
| 24:23 | Construir | Siege Workshop |
| 24:26 | Crear | Villager (Male) |
| 24:26 | Crear | Villager (Male) |
| 24:47 | Construir | Lumber Camp |
| 24:55 | Crear | Mangonel |
| 25:01 | Crear | Villager (Male) |
| 25:36 | Crear | Villager (Male) |
| 26:27 | Crear | Villager (Male) ×5 |
| 26:32 | Construir | Town Center |
Build order — GdR_Grifiss(twitch.tv/grifiss84)
Primeras 150 de 272 acciones detectadas
| 0:01 | Crear | Villager (Male) |
| 0:01 | Crear | Villager (Male) |
| 0:01 | Crear | Villager (Male) |
| 0:02 | Construir | House |
| 0:03 | Construir | House |
| 0:09 | Crear | Villager (Male) |
| 0:09 | Crear | Villager (Male) |
| 0:09 | Crear | Villager (Male) |
| 1:31 | Crear | Villager (Male) |
| 1:31 | Crear | Villager (Male) |
| 1:31 | Crear | Villager (Male) |
| 1:31 | Crear | Villager (Male) |
| 1:31 | Crear | Villager (Male) |
| 2:00 | Crear | Villager (Male) |
| 2:00 | Crear | Villager (Male) |
| 2:00 | Crear | Villager (Male) |
| 2:00 | Crear | Villager (Male) |
| 2:00 | Crear | Villager (Male) |
| 2:00 | Crear | Villager (Male) |
| 2:00 | Crear | Villager (Male) |
| 2:26 | Construir | Lumber Camp |
| 2:26 | Crear | Villager (Male) |
| 2:26 | Crear | Villager (Male) |
| 2:45 | Crear | Villager (Male) |
| 2:45 | Crear | Villager (Male) |
| 2:45 | Crear | Villager (Male) |
| 3:07 | Crear | Villager (Male) |
| 3:07 | Crear | Villager (Male) |
| 3:08 | Crear | Villager (Male) |
| 3:08 | Crear | Villager (Male) |
| 3:46 | Crear | Villager (Male) |
| 3:46 | Crear | Villager (Male) |
| 3:56 | Construir | House |
| 4:06 | Crear | Villager (Male) |
| 4:45 | Crear | Villager (Male) |
| 4:50 | Crear | Villager (Male) |
| 5:38 | Investigar | Loom |
| 6:25 | Construir | Mill |
| 6:35 | Investigar | Feudal Age |
| 8:24 | Construir | House |
| 8:40 | Crear | Villager (Male) |
| 8:45 | Edad | Edad Feudal |
| 8:52 | Construir | Stable |
| 8:59 | Investigar | Double-Bit Axe |
| 9:11 | Crear | Villager (Male) |
| 9:34 | Crear | Scout Cavalry |
| 9:34 | Crear | Scout Cavalry |
| 9:34 | Crear | Scout Cavalry |
| 9:34 | Crear | Scout Cavalry |
| 9:45 | Crear | Villager (Male) |
| 10:11 | Crear | Villager (Male) |
| 10:13 | Construir | Farm |
| 10:14 | Construir | Farm |
| 10:16 | Construir | Farm |
| 10:22 | Crear | Scout Cavalry |
| 10:25 | Construir | House |
| 10:30 | Construir | Farm |
| 10:36 | Crear | Villager (Male) |
| 10:36 | Crear | Villager (Male) |
| 10:36 | Crear | Villager (Male) |
| 10:39 | Construir | Farm |
| 10:45 | Construir | House |
| 10:52 | Construir | House |
| 10:56 | Construir | Palisade Wall |
| 10:58 | Construir | Palisade Wall |
| 10:59 | Construir | Palisade Wall |
| 11:13 | Crear | Villager (Male) |
| 11:19 | Construir | House |
| 11:22 | Construir | House |
| 11:27 | Crear | Villager (Male) |
| 11:33 | Crear | Scout Cavalry |
| 11:58 | Crear | Villager (Male) |
| 11:59 | Construir | Farm |
| 12:05 | Construir | Farm |
| 12:13 | Crear | Villager (Male) |
| 12:13 | Crear | Villager (Male) |
| 12:16 | Construir | Farm |
| 12:42 | Construir | House |
| 12:49 | Crear | Scout Cavalry |
| 12:49 | Crear | Scout Cavalry |
| 13:11 | Crear | Scout Cavalry |
| 13:16 | Construir | Farm |
| 13:18 | Construir | Farm |
| 13:20 | Construir | House |
| 13:24 | Crear | Villager (Male) |
| 13:31 | Crear | Villager (Male) |
| 13:35 | Construir | Blacksmith |
| 13:38 | Construir | Farm |
| 13:46 | Construir | Farm |
| 13:53 | Crear | Villager (Male) |
| 13:53 | Crear | Villager (Male) |
| 14:02 | Crear | Villager (Male) |
| 14:20 | Construir | Farm |
| 14:27 | Crear | Villager (Male) |
| 14:38 | Construir | Palisade Wall |
| 14:52 | Crear | Scout Cavalry |
| 14:52 | Crear | Scout Cavalry |
| 15:08 | Construir | Mining Camp |
| 15:14 | Crear | Scout Cavalry |
| 15:16 | Crear | Villager (Male) |
| 15:28 | Investigar | Forging |
| 15:53 | Construir | Farm |
| 16:14 | Crear | Scout Cavalry |
| 16:20 | Construir | House |
| 16:30 | Crear | Villager (Male) |
| 16:54 | Construir | Lumber Camp |
| 17:00 | Crear | Scout Cavalry |
| 17:14 | Construir | House |
| 17:15 | Construir | House |
| 17:18 | Construir | House |
| 17:47 | Construir | Lumber Camp |
| 17:52 | Construir | Palisade Gate |
| 17:55 | Construir | Palisade Wall |
| 18:05 | Investigar | Scale Barding Armor |
| 18:27 | Crear | Villager (Male) |
| 18:29 | Construir | Farm |
| 18:51 | Crear | Villager (Male) |
| 18:56 | Crear | Villager (Male) |
| 19:07 | Construir | House |
| 19:10 | Construir | House |
| 19:15 | Construir | House |
| 19:24 | Construir | Palisade Wall |
| 19:36 | Investigar | Castle Age |
| 19:36 | Investigar | Castle Age |
| 19:45 | Construir | Building 796 |
| 19:54 | Construir | Stable |
| 20:07 | Investigar | Gold Mining |
| 20:27 | Investigar | Bloodlines |
| 20:58 | Construir | Farm |
| 21:00 | Investigar | Horse Collar |
| 21:09 | Construir | Farm |
| 21:09 | Construir | Farm |
| 21:54 | Construir | Market |
| 22:16 | Crear | Villager (Male) |
| 22:22 | Edad | Edad de los Castillos |
| 22:28 | Crear | Knight |
| 22:28 | Crear | Knight |
| 22:28 | Crear | Knight |
| 22:32 | Crear | Villager (Male) |
| 22:32 | Crear | Villager (Male) |
| 22:38 | Crear | Villager (Male) |
| 22:49 | Crear | Knight |
| 22:49 | Crear | Knight |
| 22:50 | Crear | Knight |
| 22:52 | Crear | Villager (Male) |
| 23:16 | Crear | Villager (Male) |
| 23:18 | Construir | House |
| 23:20 | Crear | Villager (Male) |
| 23:22 | Crear | Knight |
| 23:22 | Crear | Knight |
Build order — mtanke
Primeras 150 de 222 acciones detectadas
| 0:00 | Crear | Villager (Male) |
| 0:01 | Crear | Villager (Male) |
| 0:01 | Crear | Villager (Male) |
| 0:02 | Crear | Villager (Male) |
| 0:02 | Crear | Villager (Male) |
| 0:03 | Construir | House |
| 0:05 | Construir | House |
| 1:42 | Crear | Villager (Male) |
| 1:42 | Crear | Villager (Male) |
| 1:57 | Construir | Settlement |
| 2:07 | Crear | Villager (Male) |
| 2:08 | Crear | Villager (Male) |
| 2:38 | Crear | Villager (Male) |
| 2:38 | Crear | Villager (Male) |
| 2:59 | Crear | Villager (Male) |
| 3:05 | Crear | Villager (Male) |
| 3:05 | Crear | Villager (Male) |
| 3:56 | Crear | Villager (Male) |
| 3:57 | Crear | Villager (Male) |
| 3:57 | Crear | Villager (Male) |
| 4:23 | Crear | Villager (Male) |
| 4:51 | Crear | Villager (Male) |
| 4:52 | Crear | Villager (Male) |
| 5:04 | Construir | Settlement |
| 5:13 | Crear | Villager (Male) |
| 5:13 | Crear | Villager (Male) |
| 5:58 | Crear | Villager (Male) |
| 6:22 | Crear | Villager (Male) |
| 6:32 | Construir | Barracks |
| 6:50 | Investigar | Loom |
| 7:06 | Construir | Settlement |
| 7:22 | Investigar | Feudal Age |
| 7:51 | Construir | Palisade Wall |
| 8:40 | Construir | Palisade Wall |
| 8:52 | Crear | Unit 2550 |
| 9:32 | Edad | Edad Feudal |
| 9:38 | Construir | Archery Range |
| 9:40 | Crear | Villager (Male) |
| 9:41 | Crear | Villager (Male) |
| 9:52 | Crear | Villager (Male) |
| 10:00 | Investigar | Double-Bit Axe |
| 10:08 | Construir | Palisade Wall |
| 10:11 | Construir | Palisade Wall |
| 10:15 | Construir | Farm |
| 10:30 | Crear | Villager (Male) |
| 10:32 | Crear | Archer |
| 10:33 | Crear | Archer |
| 10:38 | Investigar | Gold Mining |
| 10:45 | Construir | Farm |
| 11:00 | Crear | Villager (Male) |
| 11:16 | Crear | Archer |
| 11:33 | Construir | Farm |
| 11:35 | Crear | Villager (Male) |
| 11:51 | Crear | Villager (Male) |
| 11:54 | Construir | Farm |
| 12:04 | Crear | Villager (Male) |
| 12:07 | Construir | Farm |
| 12:14 | Construir | Farm |
| 12:17 | Construir | House |
| 12:23 | Construir | House |
| 12:24 | Construir | House |
| 12:37 | Crear | Archer |
| 12:51 | Crear | Villager (Male) |
| 13:03 | Crear | Villager (Male) |
| 13:05 | Construir | Farm |
| 13:11 | Construir | House |
| 13:49 | Crear | Archer |
| 13:54 | Construir | Archery Range |
| 13:58 | Construir | Palisade Wall |
| 14:04 | Construir | House |
| 14:09 | Construir | Farm |
| 14:09 | Crear | Villager (Male) |
| 14:16 | Crear | Villager (Male) |
| 14:26 | Crear | Villager (Male) |
| 14:30 | Construir | Farm |
| 14:32 | Construir | Farm |
| 14:41 | Construir | Palisade Wall |
| 14:45 | Construir | Palisade Wall |
| 14:46 | Construir | Palisade Wall |
| 14:54 | Construir | House |
| 14:55 | Construir | Palisade Wall |
| 15:14 | Crear | Archer |
| 15:15 | Crear | Archer |
| 15:15 | Crear | Skirmisher |
| 15:16 | Crear | Skirmisher |
| 15:16 | Crear | Skirmisher |
| 15:26 | Construir | Palisade Wall |
| 15:33 | Construir | Palisade Wall |
| 16:03 | Crear | Villager (Male) |
| 16:03 | Crear | Villager (Male) |
| 16:13 | Crear | Spearman |
| 16:35 | Crear | Archer |
| 16:36 | Crear | Archer |
| 16:36 | Crear | Archer |
| 16:42 | Crear | Villager (Male) |
| 16:42 | Crear | Villager (Male) |
| 16:52 | Crear | Villager (Male) |
| 16:59 | Crear | Archer |
| 17:00 | Crear | Archer |
| 17:03 | Construir | Farm |
| 17:06 | Construir | Farm |
| 17:14 | Construir | Farm |
| 17:22 | Crear | Skirmisher |
| 17:22 | Crear | Skirmisher |
| 17:29 | Construir | Farm |
| 17:51 | Construir | Settlement |
| 18:06 | Construir | Blacksmith |
| 19:00 | Crear | Skirmisher |
| 19:00 | Crear | Skirmisher |
| 19:01 | Crear | Skirmisher |
| 19:02 | Crear | Skirmisher |
| 19:26 | Crear | Skirmisher |
| 19:27 | Crear | Skirmisher |
| 19:43 | Crear | Villager (Male) |
| 19:43 | Crear | Villager (Male) |
| 19:57 | Construir | Farm |
| 20:10 | Investigar | Castle Age |
| 20:45 | Investigar | Horse Collar |
| 20:57 | Investigar | Fletching |
| 21:01 | Crear | Archer |
| 21:01 | Crear | Archer |
| 21:13 | Crear | Archer |
| 21:26 | Construir | Settlement |
| 21:57 | Investigar | Padded Archer Armor |
| 22:01 | Crear | Archer |
| 22:01 | Crear | Archer |
| 22:01 | Crear | Archer |
| 22:23 | Crear | Archer |
| 22:23 | Crear | Archer |
| 22:27 | Crear | Skirmisher |
| 22:27 | Crear | Skirmisher |
| 22:50 | Edad | Edad de los Castillos |
| 23:00 | Investigar | Bodkin Arrow |
| 23:12 | Crear | Villager (Male) |
| 23:12 | Crear | Villager (Male) |
| 23:14 | Crear | Villager (Male) |
| 23:14 | Crear | Villager (Male) |
| 23:18 | Construir | Town Center |
| 23:33 | Investigar | Crossbowman (upgrade) |
| 24:05 | Crear | Archer |
| 24:06 | Crear | Archer |
| 24:06 | Crear | Archer |
| 24:31 | Crear | Archer |
| 24:32 | Crear | Archer |
| 24:35 | Investigar | Thumb Ring |
| 24:52 | Crear | Archer |
| 24:52 | Crear | Archer |
| 24:52 | Crear | Archer |
| 25:13 | Crear | Archer |
| 25:13 | Crear | Archer |
Build order — WittedGnat
Primeras 150 de 257 acciones detectadas
| 0:00 | Crear | Villager (Male) |
| 0:01 | Crear | Villager (Male) |
| 0:02 | Construir | House |
| 0:04 | Construir | House |
| 0:21 | Crear | Villager (Male) |
| 0:24 | Crear | Villager (Male) |
| 1:03 | Crear | Villager (Male) |
| 1:28 | Crear | Villager (Male) |
| 2:01 | Crear | Villager (Male) |
| 2:18 | Crear | Villager (Male) |
| 2:47 | Crear | Villager (Male) |
| 2:51 | Construir | Settlement |
| 3:40 | Crear | Villager (Male) |
| 3:40 | Crear | Villager (Male) |
| 3:52 | Construir | House |
| 3:54 | Construir | House |
| 3:56 | Crear | Villager (Male) |
| 4:59 | Crear | Villager (Male) |
| 5:01 | Crear | Villager (Male) |
| 5:03 | Crear | Villager (Male) |
| 5:37 | Construir | Settlement |
| 6:18 | Crear | Villager (Male) |
| 6:43 | Investigar | Loom |
| 6:56 | Construir | Outpost |
| 7:11 | Investigar | Feudal Age |
| 7:27 | Construir | Settlement |
| 8:44 | Construir | Barracks |
| 8:45 | Construir | House |
| 9:10 | Crear | Villager (Male) |
| 9:21 | Edad | Edad Feudal |
| 9:26 | Investigar | Double-Bit Axe |
| 9:35 | Crear | Villager (Male) |
| 9:50 | Crear | Villager (Male) |
| 9:57 | Construir | Archery Range |
| 9:59 | Construir | Palisade Wall |
| 10:10 | Construir | Farm |
| 10:15 | Construir | Farm |
| 10:21 | Crear | Villager (Male) |
| 10:38 | Crear | Villager (Male) |
| 10:52 | Construir | Settlement |
| 11:00 | Crear | Villager (Male) |
| 11:03 | Construir | Farm |
| 11:10 | Crear | Archer |
| 11:14 | Crear | Archer |
| 11:31 | Construir | House |
| 11:41 | Construir | House |
| 11:43 | Construir | Palisade Wall |
| 11:47 | Crear | Villager (Male) |
| 11:47 | Crear | Archer |
| 11:53 | Construir | Farm |
| 11:55 | Construir | Farm |
| 12:14 | Crear | Villager (Male) |
| 12:25 | Crear | Archer |
| 12:27 | Crear | Villager (Male) |
| 12:46 | Construir | Archery Range |
| 12:48 | Crear | Villager (Male) |
| 13:07 | Construir | House |
| 13:08 | Construir | Palisade Wall |
| 13:10 | Construir | House |
| 13:14 | Construir | House |
| 13:15 | Construir | Palisade Wall |
| 13:17 | Crear | Villager (Male) |
| 13:18 | Crear | Archer |
| 13:30 | Crear | Archer |
| 13:30 | Crear | Archer |
| 13:33 | Crear | Villager (Male) |
| 13:41 | Construir | House |
| 13:43 | Construir | Palisade Wall |
| 13:46 | Crear | Archer |
| 13:50 | Construir | House |
| 13:54 | Construir | Palisade Wall |
| 13:56 | Crear | Villager (Male) |
| 14:00 | Crear | Villager (Male) |
| 14:08 | Construir | House |
| 14:09 | Construir | Palisade Wall |
| 14:11 | Construir | House |
| 14:13 | Crear | Archer |
| 14:14 | Crear | Archer |
| 14:37 | Construir | Farm |
| 14:41 | Crear | Villager (Male) |
| 14:42 | Crear | Archer |
| 14:42 | Crear | Archer |
| 14:57 | Construir | House |
| 15:10 | Crear | Villager (Male) |
| 15:17 | Crear | Villager (Male) |
| 15:20 | Construir | Blacksmith |
| 15:30 | Crear | Archer |
| 15:49 | Crear | Villager (Male) |
| 15:54 | Construir | Farm |
| 15:56 | Construir | Farm |
| 15:59 | Crear | Archer |
| 16:04 | Construir | House |
| 16:14 | Investigar | Fletching |
| 16:16 | Construir | Palisade Wall |
| 16:18 | Construir | Palisade Wall |
| 16:19 | Construir | Palisade Wall |
| 16:35 | Construir | Blacksmith |
| 16:49 | Crear | Villager (Male) |
| 16:51 | Crear | Archer |
| 16:51 | Crear | Archer |
| 17:13 | Crear | Villager (Male) |
| 17:14 | Crear | Archer |
| 17:14 | Crear | Archer |
| 17:17 | Construir | House |
| 17:19 | Construir | Palisade Wall |
| 17:27 | Investigar | Fletching |
| 17:35 | Crear | Villager (Male) |
| 17:36 | Crear | Archer |
| 17:36 | Crear | Archer |
| 17:43 | Construir | Farm |
| 17:44 | Construir | Farm |
| 17:47 | Construir | Farm |
| 17:56 | Crear | Villager (Male) |
| 17:57 | Crear | Archer |
| 17:58 | Crear | Villager (Male) |
| 18:04 | Construir | Farm |
| 18:07 | Construir | Farm |
| 18:09 | Construir | Farm |
| 18:46 | Crear | Villager (Male) |
| 18:47 | Crear | Archer |
| 18:47 | Crear | Archer |
| 19:00 | Construir | Farm |
| 19:00 | Construir | Farm |
| 19:00 | Construir | Farm |
| 19:00 | Construir | Farm |
| 19:01 | Construir | Farm |
| 19:02 | Crear | Villager (Male) |
| 19:41 | Crear | Villager (Male) |
| 19:41 | Crear | Archer |
| 19:42 | Crear | Archer |
| 19:54 | Crear | Archer |
| 19:55 | Crear | Archer |
| 19:57 | Crear | Villager (Male) |
| 20:00 | Construir | Farm |
| 20:01 | Construir | Farm |
| 20:02 | Construir | Farm |
| 20:03 | Crear | Villager (Male) |
| 20:10 | Investigar | Padded Archer Armor |
| 20:28 | Crear | Villager (Male) |
| 20:32 | Construir | Farm |
| 20:33 | Construir | Farm |
| 20:36 | Construir | Farm |
| 20:39 | Construir | Farm |
| 20:58 | Crear | Archer |
| 20:58 | Crear | Archer |
| 21:16 | Crear | Villager (Male) |
| 21:33 | Investigar | Castle Age |
| 21:41 | Crear | Archer |
| 21:41 | Crear | Archer |
| 22:25 | Crear | Archer |
Cronología de la partida
| 6:32 | mtanke · first_building Barracks |
| 7:51 | mtanke · wall_segment Palisade Wall x8 |
| 8:40 | mtanke · wall_segment Palisade Wall x5 |
| 8:44 | WittedGnat · first_building Barracks |
| 8:45 | GdR_Grifiss(twitch.tv/grifiss84) · age_up feudal |
| 8:52 | GdR_Grifiss(twitch.tv/grifiss84) · first_building Stable |
| 8:52 | Moneda05 · first_building Barracks |
| 8:58 | Moneda05 · age_up feudal |
| 9:21 | WittedGnat · age_up feudal |
| 9:32 | mtanke · age_up feudal |
| 9:38 | mtanke · first_building Archery Range |
| 9:42 | Moneda05 · first_building Stable |
| 9:57 | WittedGnat · first_building Archery Range |
| 9:59 | WittedGnat · wall_segment Palisade Wall x1 |
| 10:08 | mtanke · wall_segment Palisade Wall x4 |
| 10:11 | mtanke · wall_segment Palisade Wall x6 |
| 10:53 | Moneda05 · wall_segment Palisade Wall x8 |
| 10:56 | GdR_Grifiss(twitch.tv/grifiss84) · wall_segment Palisade Wall x1 |
| 10:58 | GdR_Grifiss(twitch.tv/grifiss84) · wall_segment Palisade Wall x1 |
| 10:59 | GdR_Grifiss(twitch.tv/grifiss84) · wall_segment Palisade Wall x1 |
| 11:43 | WittedGnat · wall_segment Palisade Wall x5 |
| 13:08 | WittedGnat · wall_segment Palisade Wall x5 |
| 13:14 | Moneda05 · wall_segment Palisade Wall x1 |
| 13:15 | WittedGnat · wall_segment Palisade Wall x1 |
| 13:17 | Moneda05 · wall_segment Palisade Wall x1 |
| 13:22 | Moneda05 · wall_segment Palisade Wall x1 |
| 13:24 | Moneda05 · wall_segment Palisade Wall x1 |
| 13:26 | Moneda05 · wall_segment Palisade Wall x1 |
| 13:28 | Moneda05 · wall_segment Palisade Wall x1 |
| 13:43 | WittedGnat · wall_segment Palisade Wall x5 |
| 13:54 | WittedGnat · wall_segment Palisade Wall x1 |
| 13:58 | mtanke · wall_segment Palisade Wall x1 |
| 14:09 | WittedGnat · wall_segment Palisade Wall x3 |
| 14:38 | GdR_Grifiss(twitch.tv/grifiss84) · wall_segment Palisade Wall x31 |
| 14:41 | mtanke · wall_segment Palisade Wall x1 |
| 14:45 | mtanke · wall_segment Palisade Wall x1 |
| 14:46 | mtanke · wall_segment Palisade Wall x1 |
| 14:46 | Moneda05 · wall_segment Palisade Wall x15 |
| 14:55 | mtanke · wall_segment Palisade Wall x1 |
| 15:26 | mtanke · wall_segment Palisade Wall x3 |
| 15:27 | Moneda05 · wall_segment Palisade Wall x4 |
| 15:33 | mtanke · wall_segment Palisade Wall x2 |
| 16:16 | WittedGnat · wall_segment Palisade Wall x1 |
| 16:18 | WittedGnat · wall_segment Palisade Wall x2 |
| 16:19 | WittedGnat · wall_segment Palisade Wall x1 |
| 16:58 | Moneda05 · wall_segment Palisade Wall x3 |
| 17:19 | WittedGnat · wall_segment Palisade Wall x6 |
| 17:55 | GdR_Grifiss(twitch.tv/grifiss84) · wall_segment Palisade Wall x9 |
| 19:24 | GdR_Grifiss(twitch.tv/grifiss84) · wall_segment Palisade Wall x13 |
| 22:22 | GdR_Grifiss(twitch.tv/grifiss84) · age_up castle |
| 22:50 | mtanke · age_up castle |
| 23:04 | Moneda05 · age_up castle |
| 23:05 | Moneda05 · wall_segment Palisade Wall x1 |
| 23:40 | GdR_Grifiss(twitch.tv/grifiss84) · wall_segment Palisade Wall x11 |
| 24:03 | Moneda05 · wall_segment Palisade Wall x1 |
| 24:04 | Moneda05 · wall_segment Palisade Wall x1 |
| 24:13 | WittedGnat · age_up castle |
| 24:23 | Moneda05 · first_building Siege Workshop |
| 24:32 | GdR_Grifiss(twitch.tv/grifiss84) · wall_segment Palisade Wall x7 |
| 24:54 | Moneda05 · first_market_buy 100 wood |
| 25:21 | GdR_Grifiss(twitch.tv/grifiss84) · wall_segment Palisade Wall x6 |
| 25:26 | GdR_Grifiss(twitch.tv/grifiss84) · wall_segment Palisade Wall x1 |
| 27:52 | mtanke · wall_segment Palisade Wall x1 |
| 27:53 | WittedGnat · first_market_sell 100 food |
| 28:05 | WittedGnat · first_building Monastery |
| 28:05 | GdR_Grifiss(twitch.tv/grifiss84) · first_building Monastery |
| 29:33 | Moneda05 · first_market_sell 500 wood |
| 29:39 | Moneda05 · first_building Krepost |
| 30:56 | GdR_Grifiss(twitch.tv/grifiss84) · first_building Siege Workshop |
| 31:24 | GdR_Grifiss(twitch.tv/grifiss84) · wall_segment Palisade Wall x1 |
| 31:26 | GdR_Grifiss(twitch.tv/grifiss84) · wall_segment Palisade Wall x1 |
| 31:49 | WittedGnat · first_market_buy 100 wood |
| 32:38 | mtanke · wall_segment Palisade Wall x8 |
| 33:00 | WittedGnat · age_up imperial |
| 33:06 | Moneda05 · wall_segment Stone Wall x1 |
| 33:15 | Moneda05 · resign |
[ ANÁLISIS IA · 1 CRÉDITO ]
¿Qué pasó realmente en esta partida?
Wolo.gg analiza cada decisión: build order, eco, micro, errores típicos por bracket. Análisis personalizado por WhatsApp o Discord en 30 segundos.
Guía civ
Búlgaros
Perfil
Jugador #4347536